[Event "Titled Tuesday Blitz November 01 Early 2022"]
[White "Jakubowski, Krzysztof"]
[Black "Aaditya Dhingra"]
[WhiteFideId "1112848"]
[BlackFideId "25678191"]
[WhiteElo "2373"]
[BlackElo "2054"]
[Result "0-1"]
[Round "08"]
[TimeControl "180+1"]
[Date "2022.11.02"]
[WhiteClock "0:00:28"]
[BlackClock "0:00:11"]

1. e4 e5 2. Nf3 Nc6 3. Bc4 Nf6 4. Ng5 d5 5. exd5 Na5 6. Bb5+ c6 7. dxc6 bxc6 8. Bd3 Nd5 9. h4 h6 10. Qh5 Qf6 11. Nh7 Rxh7 12. Bxh7 g6 13. Qe2 Nf4 14. Qf3 h5 15. d4 Bg4 16. Qe4 O-O-O 17. Be3 Nxg2+ 18. Qxg2 exd4 19. O-O dxe3 20. fxe3 Qe6 21. Nc3 Qxe3+ 22. Kh1 Qe7 23. Rae1 Qxh4+ 24. Qh2 Qxh2+ 25. Kxh2 Bf5 26. Rxf5 gxf5 27. Bxf5+ Kc7 28. Re4 Rb8 29. Ra4 Nb7 30. Rxa7 Bc5 31. Ra6 Bd6+ 32. Kh3 Nc5 33. Ra7+ Rb7 34. Ra8 Rxb2 35. Rc8+ Kb7 36. Ne4 Nxe4 37. Bxe4 Kxc8 0-1


[Site "https://www.chess.com"]

[Event "Titled Tuesday Blitz November 01 Early 2022"]
[White "Jaskolka, Tomasz"]
[Black "Goroshkov, Maksym"]
[WhiteFideId "1170791"]
[BlackFideId "14142716"]
[WhiteElo "2126"]
[BlackElo "2257"]
[Result "0-1"]
[Round "08"]
[TimeControl "180+1"]
[Date "2022.11.02"]
[WhiteClock "0:00:11"]
[BlackClock "0:00:25"]

1. e4 e5 2. Nf3 Nc6 3. Bc4 Nf6 4. Ng5 d5 5. exd5 Na5 6. Bb5+ c6 7. dxc6 bxc6 8. Qf3 Bb7 9. Ba4 Be7 10. d3 O-O 11. Ne4 c5 12. Nbc3 Nxe4 13. dxe4 Nc6 14. Ne2 Qa5+ 15. Nc3 Nd4 16. Qg3 Ba6 17. Bd2 Rfe8 18. Bxe8 Nxc2+ 19. Kd1 Nxa1 20. Bc6 Rc8 21. Bd5 c4 22. Bh6 Bf6 23. Kd2 Qb6 24. Rb1 Rb8 25. Be3 Qa5 26. Bxa7 Rb4 27. Be3 Rb8 28. Qg4 Bc8 29. Qe2 Ba6 30. Kc1 Nb3+ 31. axb3 cxb3 32. Bc4 Bb7 33. Nd5 Bxd5 34. exd5 e4 35. Kd1 Qa2 36. Kc1 Rc8 37. d6 Qa4 38. Kd2 Rxc4 39. Ke1 Rc2 40. Qd1 Qd7 41. Kf1 Be5 42. Qd5 Qxd6 43. Qxb3 Rxb2 44. Rxb2 Bxb2 45. g3 Be5 46. Kg2 g6 47. Qc4 Kg7 48. Bc5 Qd3 49. Qb4 Qf3+ 50. Kg1 Qd1+ 51. Kg2 Qd8 52. Be7 Qd5 53. Bf8+ Kg8 54. Bh6 e3+ 55. f3 Qd8 56. Bxe3 Bg7 57. Qe4 h5 58. h4 Qc8 59. Bg5 Qc3 60. Qe8+ Kh7 61. Qxf7 Qc2+ 62. Kh3 Qd1 63. Kg2 Qe2+ 64. Kh3 Qf1+ 65. Kh2 Qf2+ 66. Kh3 Qg1 67. Qa2 Qh1+ 68. Qh2 Qxf3 69. Qg2 Qf5+ 70. Kh2 Be5 71. Qb7+ Bg7 72. Qe7 Qf2+ 73. Kh3 Qg1 74. Qe2 Qh1+ 75. Qh2 Qf3 76. Qg2 Qg4+ 77. Kh2 Qd7 78. Qe4 Qa7 79. g4 Qf2+ 80. Kh3 Qf1+ 81. Kh2 Qf2+ 82. Kh3 Qf1+ 83. Kg3 Qg1+ 84. Kf4 Qxg4+ 85. Ke3 Qg3+ 86. Ke2 Qh2+ 87. Kf3 Qh3+ 88. Kf2 Qd7 89. Kg3 Qf5 90. Qe7 Qe5+ 91. Kf3 Qxe7 92. Bxe7 Kg8 93. Kf4 Kf7 94. Bg5 Bf6 95. Bxf6 Kxf6 96. Kf3 Kf5 97. Kg3 Ke4 98. Kg2 Kf4 99. Kf2 Kg4 100. Kg2 Kxh4 101. Kf3 g5 102. Kg2 Kg4 103. Kh2 h4 104. Kg2 Kf4 105. Kh2 g4 106. Kg2 g3 107. Kh3 Kf3 108. Kxh4 g2 109. Kh3 g1=Q 110. Kh4 Qg4# 0-1


[Site "https://www.chess.com"]

[Event "Titled Tuesday Blitz November 01 Early 2022"]
[White "Jean Louis, Marckens"]
[Black "Atabayev, Yusup"]
[WhiteFideId "11900270"]
[BlackFideId "14001128"]
[WhiteElo "2030"]
[BlackElo "2454"]
[Result "1/2-1/2"]
[Round "08"]
[TimeControl "180+1"]
[Date "2022.11.01"]
[WhiteClock "0:01:24"]
[BlackClock "0:01:15"]

1. d4 Nf6 2. Nf3 g6 3. g3 Bg7 4. Bg2 O-O 5. O-O d6 6. Re1 Nbd7 7. e4 e5 8. c3 c6 9. Nbd2 Qe7 10. a4 a5 11. Nc4 Rd8 12. b3 b6 13. Ba3 c5 14. dxe5 dxe5 15. Qc2 Ba6 16. Ne3 Nf8 17. Rad1 Rxd1 18. Rxd1 h6 19. c4 Ne6 20. Nd5 Nxd5 21. exd5 Nd4 22. Nxd4 exd4 23. d6 Qd8 24. Bxa8 Qxa8 25. Qe2 Qc6 26. Bc1 Bb7 27. f3 Qxd6 28. Qe8+ Bf8 29. Bxh6 Bxf3 30. Rf1 d3 31. Bxf8 Qd4+ 32. Rf2 Qa1+ 33. Rf1 Qd4+ 34. Rf2 Qa1+ 35. Rf1 Qd4+ 1/2-1/2


[Site "https://www.chess.com"]

[Event "Titled Tuesday Blitz November 01 Early 2022"]
[White "Jones, Gawain C B"]
[Black "Migot, Tangi"]
[WhiteFideId "409561"]
[BlackFideId "662445"]
[WhiteElo "2657"]
[BlackElo "2589"]
[Result "1-0"]
[Round "08"]
[TimeControl "180+1"]
[Date "2022.11.02"]
[WhiteClock "0:00:07"]
[BlackClock "0:00:01"]

1. e4 e5 2. f4 Nc6 3. Nf3 exf4 4. d4 Nge7 5. d5 Nb8 6. d6 Ng6 7. e5 Nc6 8. Nc3 cxd6 9. exd6 Qf6 10. Nb5 Kd8 11. Be2 a6 12. Nc7 Rb8 13. Nd5 Qxd6 14. Ng5 Nce5 15. O-O f6 16. Ne4 Qc6 17. Bxf4 Nxf4 18. Rxf4 b5 19. Ndxf6 gxf6 20. Rxf6 Bc5+ 21. Nxc5 Qxf6 22. Qd5 Nc6 23. Rd1 Rf8 24. Nxd7 Qf2+ 25. Kh1 Kc7 26. Qd6+ Kb7 27. Bxb5 axb5 28. Qxf8 Qxf8 29. Nxf8 Bg4 30. Rf1 Rd8 31. Nxh7 Rd1 32. Kg1 Rxf1+ 33. Kxf1 Bf5 34. Nf6 Bxc2 35. h4 Bb1 36. h5 Kc7 37. h6 Kd6 38. h7 Bxh7 39. Nxh7 Nb4 40. a3 Nd3 41. b3 Nc5 42. b4 Ne4 43. Ke2 Kd5 44. Kd3 Nf2+ 45. Kc3 Ne4+ 46. Kb3 Nd2+ 47. Kc3 Ne4+ 48. Kb2 Kc4 49. g4 Kd3 50. g5 Nd2 51. g6 Nc4+ 52. Ka2 Nxa3 53. Kxa3 1-0


[Site "https://www.chess.com"]

[Event "Titled Tuesday Blitz November 01 Early 2022"]
[White "Kamsky, Gata"]
[Black "Dubov, Daniil"]
[WhiteFideId "2000024"]
[BlackFideId "24126055"]
[WhiteElo "2921"]
[BlackElo "2995"]
[Result "1/2-1/2"]
[Round "08"]
[TimeControl "180+1"]
[Date "2022.11.01"]
[WhiteClock "0:00:22"]
[BlackClock "0:00:08"]

1. d4 Nf6 2. Bf4 Nh5 3. Bd2 Nf6 4. Bf4 Nh5 5. Bd2 g6 6. e4 d6 7. Nf3 Bg7 8. c3 O-O 9. Bd3 Nc6 10. O-O e5 11. dxe5 Nxe5 12. Nxe5 Bxe5 13. f4 Bg7 14. Na3 Re8 15. Qf3 Bd7 16. Rae1 Bc6 17. Nc2 f5 18. Nb4 Bxe4 19. Bxe4 fxe4 20. Rxe4 c6 21. f5 Rxe4 22. Qxe4 Qe8 23. Qf3 a5 24. Nd3 gxf5 25. Qxf5 Qg6 26. Qxg6 hxg6 27. Bg5 Rf8 28. Rxf8+ Kxf8 29. a4 Nf6 30. Bxf6 Bxf6 31. c4 Ke7 32. Kf2 d5 33. cxd5 b5 34. dxc6 bxa4 35. c7 Kd7 36. Nc5+ Kxc7 37. Nxa4 Kc6 38. Ke2 Kb5 39. Nc3+ Bxc3 40. bxc3 Kc4 41. Kd2 Kb3 42. c4 Kxc4 43. Kc2 Kd4 44. h4 Ke5 45. g4 Kf4 46. h5 gxh5 47. gxh5 Kg5 48. Kb3 Kh6 49. Ka4 Kxh5 50. Kxa5 1/2-1/2


[Site "https://www.chess.com"]

[Event "Titled Tuesday Blitz November 01 Early 2022"]
[White "Kanyamarala, Tarun"]
[Black "Lawson, Eric"]
[WhiteFideId "45004714"]
[BlackFideId "2604116"]
[WhiteElo "2307"]
[BlackElo "2520"]
[Result "1-0"]
[Round "08"]
[TimeControl "180+1"]
[Date "2022.11.02"]
[WhiteClock "0:00:02"]
[BlackClock "0:00:01"]

1. d4 d5 2. Nc3 c6 3. Bf4 Bf5 4. e3 Nd7 5. Qd2 Ngf6 6. h3 h6 7. f3 e6 8. g4 Bh7 9. Bd3 Bxd3 10. Qxd3 Qa5 11. Ne2 a6 12. Kf2 c5 13. h4 g6 14. a3 Rc8 15. Rhb1 Be7 16. b4 cxb4 17. axb4 Qb6 18. b5 a5 19. Na4 Qd8 20. b6 Nh7 21. Bc7 Bxh4+ 22. Kg2 Rxc7 23. bxc7 Qxc7 24. Nc5 Nxc5 25. dxc5 O-O 26. Qb5 Qe5 27. Qd3 Rc8 28. Rxa5 h5 29. Rxb7 hxg4 30. fxg4 Nf6 31. Qd4 Qg5 32. Qf4 e5 33. Qxg5 Bxg5 34. Rba7 Nxg4 35. Ra8 Nxe3+ 36. Kf2 Rxa8 37. Rxa8+ Kg7 38. c6 Ng4+ 39. Kf1 Ne3+ 40. Kg1 Nc4 41. c7 Nd6 42. c8=Q Nxc8 43. Rxc8 d4 44. Ng3 Be3+ 45. Kg2 f5 46. Rc7+ Kf6 47. Rc6+ Kg5 48. Nf1 Bc1 49. Nh2 e4 50. Rd6 1-0


[Site "https://www.chess.com"]

[Event "Titled Tuesday Blitz November 01 Early 2022"]
[White "Karas, Marek"]
[Black "Timofeev, Artyom"]
[WhiteFideId "14928558"]
[BlackFideId "4140419"]
[WhiteElo "2220"]
[BlackElo "2579"]
[Result "0-1"]
[Round "08"]
[TimeControl "180+1"]
[Date "2022.11.02"]
[WhiteClock "0:00:14"]
[BlackClock "0:01:47"]

1. d4 Nf6 2. Bf4 Nd5 3. Bc1 f5 4. c4 Nf6 5. g3 g6 6. Bg2 Bg7 7. Nc3 O-O 8. Nh3 d6 9. d5 Nbd7 10. Nf4 Nc5 11. h4 a5 12. Be3 e5 13. dxe6 Nxe6 14. Nxe6 Bxe6 15. Qd3 c6 16. O-O Ng4 17. Bd4 Ne5 18. Bxe5 dxe5 19. Rac1 e4 20. Qxd8 Rfxd8 21. Na4 b5 22. cxb5 cxb5 23. Nc3 b4 24. Na4 Bxa2 25. f3 Rac8 26. fxe4 Bb3 27. exf5 Rxc1 28. Rxc1 Bxa4 29. fxg6 hxg6 30. Ra1 Rd1+ 31. Rxd1 Bxd1 32. Bd5+ Kf8 33. b3 a4 34. bxa4 b3 35. Bxb3 Bxb3 36. Kf2 Bxa4 37. Kf3 Kf7 38. Kf4 Bh6+ 39. Kf3 Bc6+ 40. e4 Kf6 41. g4 Ke5 42. g5 Bf8 43. Kg4 Bd7+ 44. Kg3 Kxe4 45. h5 gxh5 46. Kh4 Bg4 47. g6 Kf4 48. g7 Be7# 0-1


[Site "https://www.chess.com"]

[Event "Titled Tuesday Blitz November 01 Early 2022"]
[White "Khamdamova, Afruza"]
[Black "Izuzquiza Gonzalez, Javier"]
[WhiteFideId "14210444"]
[BlackFideId "3101029"]
[WhiteElo "2018"]
[BlackElo "2034"]
[Result "0-1"]
[Round "08"]
[TimeControl "180+1"]
[Date "2022.11.02"]
[WhiteClock "0:00:02"]
[BlackClock "0:00:03"]

1. e4 c5 2. Nf3 e6 3. d4 cxd4 4. Nxd4 a6 5. Bd3 Nf6 6. c4 Qc7 7. O-O Nc6 8. Be3 Ne5 9. Bf4 Bd6 10. Be2 Nf3+ 11. Nxf3 Bxf4 12. Nc3 O-O 13. Qd4 Ng4 14. e5 g5 15. Nxg5 Qxe5 16. Qxe5 Nxe5 17. Nge4 Ng6 18. Rad1 b6 19. Nf6+ Kg7 20. Nxd7 Bxd7 21. Rxd7 Rad8 22. Rb7 Rd6 23. Ne4 Rd2 24. Nxd2 Bxd2 25. Rxb6 a5 26. c5 Rc8 27. c6 Ne5 28. Bb5 Kf6 29. Rd1 Bb4 30. a3 Bc5 31. Rb7 Nxc6 32. Bxc6 Rxc6 33. Rdd7 Ke5 34. Rxf7 Bd4 35. g3 Rc2 36. b4 axb4 37. axb4 h5 38. h4 Ke4 39. Kg2 e5 40. b5 Kd3 41. Rbd7 e4 42. Kf1 Rb2 43. Rd5 Rb1+ 44. Kg2 Rb2 45. Rff5 e3 46. Kf3 exf2 47. Kg2 Ke4 48. Rxd4+ Kxd4 49. Rxf2 Rxb5 50. Rf4+ Ke3 51. Rf5 Rxf5 0-1


[Site "https://www.chess.com"]

[Event "Titled Tuesday Blitz November 01 Early 2022"]
[White "Kirillov, Dmitry"]
[Black "Kosteniuk, Alexandra"]
[WhiteFideId "34180572"]
[BlackFideId "4128125"]
[WhiteElo "2095"]
[BlackElo "2469"]
[Result "0-1"]
[Round "08"]
[TimeControl "180+1"]
[Date "2022.11.02"]
[WhiteClock "0:00:02"]
[BlackClock "0:00:18"]

1. d4 f5 2. Nf3 Nf6 3. c4 g6 4. Nc3 Bg7 5. g3 O-O 6. Bg2 d6 7. O-O a5 8. d5 Na6 9. Be3 b6 10. Nd4 Nc5 11. Rc1 Bd7 12. b3 Nfe4 13. Nxe4 Nxe4 14. Qc2 Nc5 15. Rcd1 Qe8 16. Ne6 Nxe6 17. dxe6 Bc6 18. Bd5 h6 19. Qd2 Kh7 20. Bd4 Bf6 21. f3 Bxd5 22. cxd5 c5 23. Bxf6 Rxf6 24. e4 a4 25. Qe2 axb3 26. axb3 fxe4 27. fxe4 Qh8 28. Rxf6 Qxf6 29. Rf1 Qd4+ 30. Kg2 h5 31. Rf7+ Kh6 32. h4 Ra1 33. Rf1 Ra3 34. Qc2 Ra1 35. Rxa1 Qxa1 36. Qd2+ Kg7 37. Qg5 Qb2+ 38. Kh3 Qf6 39. Qc1 Qe5 40. Qf4 Qxf4 41. gxf4 b5 42. e5 Kf8 43. Kg3 c4 44. bxc4 b4 45. c5 dxc5 46. d6 exd6 47. exd6 b3 48. f5 gxf5 49. Kf4 b2 50. Ke5 b1=Q 51. Kf6 Qb2+ 52. Kg6 Qg7+ 53. Kxf5 c4 54. d7 Ke7 0-1


[Site "https://www.chess.com"]

[Event "Titled Tuesday Blitz November 01 Early 2022"]
[White "Krysa, Leandro"]
[Black "Le, Tuan Minh"]
[WhiteFideId "116807"]
[BlackFideId "12401153"]
[WhiteElo "2713"]
[BlackElo "2933"]
[Result "1/2-1/2"]
[Round "08"]
[TimeControl "180+1"]
[Date "2022.11.01"]
[WhiteClock "0:00:33"]
[BlackClock "0:00:08"]

1. Nf3 d5 2. g3 Nd7 3. d4 Ngf6 4. c4 dxc4 5. Bg2 Nb6 6. O-O c6 7. Qc2 Bg4 8. Rd1 Bxf3 9. Bxf3 e6 10. e3 Be7 11. Nd2 O-O 12. Nxc4 Nxc4 13. Qxc4 Rc8 14. b3 Qa5 15. Bb2 Rfd8 16. h4 h6 17. Kg2 b5 18. Qe2 a6 19. h5 c5 20. dxc5 Bxc5 21. a4 Qb6 22. axb5 axb5 23. Bxf6 gxf6 24. Rxd8+ Rxd8 25. Rc1 f5 26. Qc2 Bf8 27. Rd1 b4 28. Rxd8 Qxd8 29. Qd1 Qf6 30. Qd3 Qb2 31. Qc4 Qd2 32. Bc6 Bg7 33. Bf3 Bc3 34. Qe2 Qd6 35. Qd1 Qa6 36. Be2 Qa2 37. Bc4 Kg7 38. Qe2 Qa1 39. g4 Qa5 40. Qf3 fxg4 41. Qxg4+ Kf8 42. Kf3 Qe5 43. Kg2 Qc5 44. Kf3 Bf6 45. Kg2 Bg5 46. Qf3 Qd6 47. Qg3 Qd2 48. Qf3 Qd7 49. Qe4 Bf6 50. Qf4 Kg7 51. Qg4+ Kf8 52. Qf4 Bg5 53. Qe4 Qc7 54. Qa8+ Kg7 55. Qe4 Qd8 56. Qd4+ Qxd4 57. exd4 Kf6 58. d5 Ke5 59. dxe6 fxe6 60. f3 Bf4 61. Kh3 Kf5 62. Kg2 e5 63. Bd3+ Kg5 64. Bg6 Bc1 65. Kf1 Kf4 66. Kg2 Ke3 67. Bf5 Kd4 68. Bg6 Kc3 69. Bf7 1/2-1/2


[Site "https://www.chess.com"]

[Event "Titled Tuesday Blitz November 01 Early 2022"]
[White "Laohawirapap, Prin"]
[Black "Horcajuelo Rocamora, Martin"]
[WhiteFideId "6205003"]
[BlackFideId "24573027"]
[WhiteElo "2113"]
[BlackElo "2094"]
[Result "1-0"]
[Round "08"]
[TimeControl "180+1"]
[Date "2022.11.02"]
[WhiteClock "0:01:22"]
[BlackClock "0:01:24"]

1. d4 Nf6 2. Bf4 g6 3. Nc3 d5 4. e3 c6 5. h4 h5 6. Nf3 b5 7. Ne5 Bb7 8. Qd2 Nbd7 9. Bd3 Qb6 10. O-O a5 11. Qd1 Bg7 12. Qf3 a4 13. a3 Nxe5 14. dxe5 Ng4 15. e6 f5 16. Qg3 O-O-O 17. Rfe1 d4 18. Na2 dxe3 19. fxe3 c5 20. Rad1 c4 21. Be2 Be4 22. Nb4 Kb7 23. Bf3 Bxb2 24. Bxe4+ fxe4 25. Bg5 Be5 26. Bf4 Bd4 27. exd4 Rxd4 28. Rxd4 Qxd4+ 29. Be3 Qc3 30. Nd5 Qxa3 31. Qc7+ 1-0


[Site "https://www.chess.com"]

[Event "Titled Tuesday Blitz November 01 Early 2022"]
[White "Lazavik, Denis"]
[Black "Rakhmanov, Aleksandr"]
[WhiteFideId "13515110"]
[BlackFideId "4173708"]
[WhiteElo "3041"]
[BlackElo "2793"]
[Result "0-1"]
[Round "08"]
[TimeControl "180+1"]
[Date "2022.11.01"]
[WhiteClock "0:00:03"]
[BlackClock "0:00:03"]

1. d4 Nf6 2. c4 d6 3. Nf3 g6 4. g3 Bg7 5. Bg2 O-O 6. Nc3 Bf5 7. Nh4 Bc8 8. O-O e5 9. Nf3 Nc6 10. d5 Ne7 11. e4 Nd7 12. Be3 a5 13. Qd2 b6 14. b3 f5 15. Ng5 Nc5 16. exf5 Nxf5 17. Nge4 Nxe3 18. Qxe3 Bf5 19. Rab1 Qd7 20. a3 a4 21. b4 Nb3 22. Rbd1 Nd4 23. Ne2 Rae8 24. f3 h5 25. h4 Kh7 26. Kh2 Bh6 27. Qd3 Nxe2 28. Qxe2 Kg7 29. Rd3 Rf7 30. Rc3 Ref8 31. c5 bxc5 32. bxc5 Qd8 33. Kg1 g5 34. hxg5 Bxg5 35. cxd6 cxd6 36. Rc6 Bxe4 37. Qxe4 h4 38. g4 Rf4 39. Qc2 R8f7 40. Rb1 h3 41. Bh1 e4 42. Rc8 Qf6 43. Rbb8 Qd4+ 44. Kh2 Rxg4 45. Rg8+ Kf6 46. fxg4 Bf4+ 47. Kxh3 Rh7+ 48. Kg2 Rh2+ 49. Kf1 Rxh1+ 50. Kg2 Qg1# 0-1


[Site "https://www.chess.com"]

[Event "Titled Tuesday Blitz November 01 Early 2022"]
[White "Lewtak, Damian"]
[Black "Yurasova, Daria"]
[WhiteFideId "1141724"]
[BlackFideId "34146919"]
[WhiteElo "2329"]
[BlackElo "2044"]
[Result "0-1"]
[Round "08"]
[TimeControl "180+1"]
[Date "2022.11.02"]
[WhiteClock "0:00:47"]
[BlackClock "0:00:17"]

1. h4 d5 2. a4 Bf5 3. e3 Nf6 4. d3 e6 5. Nd2 h6 6. g3 Nbd7 7. Bg2 Bd6 8. Ne2 O-O 9. b3 c5 10. Bb2 Rc8 11. O-O Re8 12. Re1 Bh7 13. e4 dxe4 14. Nxe4 Nxe4 15. dxe4 Bf8 16. Nf4 Qc7 17. Nh5 c4 18. Qg4 c3 19. Ba3 Ne5 20. Qe2 Bxa3 21. Rxa3 Red8 22. Ra2 Rd2 23. Qf1 Rcd8 24. Nf4 Ng4 25. Nd3 R8xd3 26. Qxd3 Rxd3 27. cxd3 Qb6 28. Rc1 Qxb3 29. Rac2 Qb6 30. Bh3 Ne5 31. Rxc3 Bg6 32. Bg2 Qd4 33. Rc8+ Kh7 34. Rb8 Nxd3 35. Rcc8 Qxf2+ 36. Kh1 Qe1+ 37. Kh2 Bh5 38. e5 Qe2 39. g4 Bxg4 40. h5 Bxh5 41. Kh3 Nf4+ 42. Kh4 Qg4# 0-1


[Site "https://www.chess.com"]

[Event "Titled Tuesday Blitz November 01 Early 2022"]
[White "Lopez, Henry"]
[Black "Harriott, Tyrell"]
[WhiteFideId "5203830"]
[BlackFideId "2086484"]
[WhiteElo "2177"]
[BlackElo "2107"]
[Result "1-0"]
[Round "08"]
[TimeControl "180+1"]
[Date "2022.11.02"]
[WhiteClock "0:00:33"]
[BlackClock "0:00:08"]

1. d4 e6 2. e4 d5 3. Nd2 f5 4. e5 c5 5. c3 Nc6 6. Ndf3 Nge7 7. Bd3 Ng6 8. h4 Be7 9. g3 O-O 10. Ne2 Nh8 11. Nf4 Nf7 12. Be3 c4 13. Bc2 b5 14. Kf1 Rb8 15. Kg2 a5 16. Qc1 b4 17. Bd1 bxc3 18. bxc3 Nh6 19. Ng5 Bxg5 20. hxg5 Ng4 21. Bxg4 fxg4 22. g6 h6 23. Qd1 Ne7 24. Qxg4 Nf5 25. Rhb1 Bd7 26. Bc1 Qe7 27. a4 Rxb1 28. Rxb1 Bxa4 29. Ra1 Bc2 30. Ba3 Be4+ 31. Kg1 Qd7 32. Bxf8 Kxf8 33. Qd1 Ne7 34. Qa4 Qc8 35. Qxa5 Nxg6 36. Nxg6+ Bxg6 37. Qc5+ Qxc5 38. dxc5 Ke8 39. f4 Be4 40. Kf2 g5 41. fxg5 hxg5 42. Ke3 Kd7 43. Kd4 Kc6 44. Ra6+ Kd7 45. c6+ Kc7 46. Kc5 Bf3 47. Ra7+ Kb8 48. Kb6 d4 49. Re7 Bh5 50. Rh7 Be8 51. Rh8 Ka8 52. Rxe8# 1-0


[Site "https://www.chess.com"]

[Event "Titled Tuesday Blitz November 01 Early 2022"]
[White "Luxama, Jacques Muller"]
[Black "Lohani, Sujana"]
[WhiteFideId "11900113"]
[BlackFideId "12311987"]
[WhiteElo "1931"]
[BlackElo "1691"]
[Result "1-0"]
[Round "08"]
[TimeControl "180+1"]
[Date "2022.11.02"]
[WhiteClock "0:01:05"]
[BlackClock "0:00:03"]

1. d4 g6 2. h4 h5 3. Nf3 Bg7 4. e4 c5 5. dxc5 Qa5+ 6. Bd2 Qxc5 7. Bc3 Nf6 8. Bd3 O-O 9. Qe2 Nc6 10. Nbd2 d5 11. Nb3 Qb6 12. exd5 Nb4 13. Bd4 Qd8 14. c4 e6 15. dxe6 Bxe6 16. O-O Nxd3 17. Qxd3 Rc8 18. Rac1 Qc7 19. Qc3 Ne8 20. Bxg7 Nxg7 21. Nbd2 Qf4 22. Qe5 Qg4 23. Rfe1 Nf5 24. Re4 f6 25. Qxe6+ Kg7 26. Rxg4 hxg4 27. Ne1 Nd4 28. Qd7+ 1-0


[Site "https://www.chess.com"]

[Event "Titled Tuesday Blitz November 01 Early 2022"]
[White "Madaminov, Mukhiddin"]
[Black "Korelskiy, Egor"]
[WhiteFideId "14210703"]
[BlackFideId "34329064"]
[WhiteElo "2341"]
[BlackElo "2053"]
[Result "1-0"]
[Round "08"]
[TimeControl "180+1"]
[Date "2022.11.02"]
[WhiteClock "0:00:51"]
[BlackClock "0:00:54"]

1. d4 d5 2. Nc3 Nf6 3. Bf4 e6 4. Nb5 Bb4+ 5. c3 Ba5 6. e3 a6 7. Na3 Bb6 8. Bd3 Nbd7 9. Nf3 c5 10. O-O Bc7 11. Bg3 O-O 12. Nc2 Bxg3 13. hxg3 Qc7 14. Rc1 e5 15. Be2 b6 16. c4 dxc4 17. Bxc4 Bb7 18. dxc5 bxc5 19. Qe2 Nb6 20. Na3 Qe7 21. Rfd1 h6 22. Nh4 Nxc4 23. Qxc4 Rfd8 24. Nf5 Qf8 25. f3 Bc8 26. g4 Be6 27. Rxd8 Qxd8 28. Qxc5 Rc8 29. Qxc8 Bxc8 30. Rxc8 Qxc8 31. Ne7+ 1-0


[Site "https://www.chess.com"]

[Event "Titled Tuesday Blitz November 01 Early 2022"]
[White "Manon-og, Ramon Jr."]
[Black "Matveeva, Olga"]
[WhiteFideId "5200776"]
[BlackFideId "24107018"]
[WhiteElo "2272"]
[BlackElo "2055"]
[Result "1-0"]
[Round "08"]
[TimeControl "180+1"]
[Date "2022.11.02"]
[WhiteClock "0:00:23"]
[BlackClock "0:00:18"]

1. e4 e6 2. d4 d5 3. Nd2 c5 4. Ngf3 cxd4 5. Nxd4 Nc6 6. Bb5 Bd7 7. Nxc6 bxc6 8. Bd3 Bd6 9. O-O Nf6 10. Qe1 Qc7 11. h3 O-O 12. Nf3 e5 13. Bg5 Nxe4 14. Bxe4 dxe4 15. Qxe4 h6 16. Bh4 f5 17. Qc4+ Kh7 18. Rad1 g5 19. Bxg5 hxg5 20. Nxg5+ Kg6 21. h4 Rad8 22. Rd3 e4 23. Rd4 Be5 24. Rd2 Bf4 25. Rd4 Bxg5 26. hxg5 Kxg5 27. Rfd1 Kf6 28. Rd6+ Ke7 29. Qc5 Kf7 30. Qe5 Rh8 31. Rf6+ Kg7 32. Qe7+ 1-0


[Site "https://www.chess.com"]

[Event "Titled Tuesday Blitz November 01 Early 2022"]
[White "Martinez Alcantara, Jose Eduardo"]
[Black "Bryakin, Mikhail"]
[WhiteFideId "3805662"]
[BlackFideId "4165314"]
[WhiteElo "3044"]
[BlackElo "2796"]
[Result "1-0"]
[Round "08"]
[TimeControl "180+1"]
[Date "2022.11.01"]
[WhiteClock "0:01:38"]
[BlackClock "0:01:30"]

1. e4 c5 2. Nf3 Nc6 3. c3 Nf6 4. e5 Nd5 5. Bc4 Nb6 6. Bb3 d5 7. exd6 Qxd6 8. O-O g6 9. d4 Bg7 10. dxc5 Qxc5 11. Be3 Qh5 12. Nbd2 O-O 13. h3 Bd7 14. Ng5 Qxd1 15. Raxd1 Rad8 16. Nde4 h6 17. Nf3 Bc8 18. Nh4 Kh7 19. Rxd8 Nxd8 20. Nf3 f5 21. Nc5 e5 22. Rd1 Re8 23. Na4 e4 24. Nxb6 axb6 25. Nd4 g5 26. Nb5 Be6 27. Nd6 Bxb3 28. axb3 Re6 29. Nxf5 Nc6 30. Rd7 1-0


[Site "https://www.chess.com"]

[Event "Titled Tuesday Blitz November 01 Early 2022"]
[White "Mekhitarian, Krikor Sevag"]
[Black "Kanyamarala, Trisha"]
[WhiteFideId "2107660"]
[BlackFideId "45004722"]
[WhiteElo "2614"]
[BlackElo "2099"]
[Result "1-0"]
[Round "08"]
[TimeControl "180+1"]
[Date "2022.11.02"]
[WhiteClock "0:00:56"]
[BlackClock "0:00:23"]

1. e4 c5 2. Nf3 d6 3. d4 cxd4 4. Nxd4 Nf6 5. Nc3 e6 6. g4 h6 7. h3 Nc6 8. Be3 d5 9. Bg2 Bb4 10. Qd3 a6 11. exd5 Nxd5 12. Nxc6 bxc6 13. O-O-O Bxc3 14. bxc3 Bb7 15. Bc5 Qa5 16. Qc4 Qb5 17. Qd4 Qa5 18. c4 Nf6 19. Qd6 Qd8 20. Bxc6+ Bxc6 21. Qxc6+ Nd7 22. Rxd7 Qc8 23. Rc7+ 1-0


[Site "https://www.chess.com"]

[Event "Titled Tuesday Blitz November 01 Early 2022"]
[White "Melikhov, Evgeny V."]
[Black "Fudalej, Michal"]
[WhiteFideId "4122046"]
[BlackFideId "1118781"]
[WhiteElo "2169"]
[BlackElo "2088"]
[Result "1-0"]
[Round "08"]
[TimeControl "180+1"]
[Date "2022.11.02"]
[WhiteClock "0:01:48"]
[BlackClock "0:01:01"]

1. d4 Nf6 2. c4 g6 3. Nc3 Bg7 4. e4 d6 5. f3 O-O 6. Be3 e5 7. d5 Nh5 8. Qd2 f5 9. O-O-O Nd7 10. exf5 gxf5 11. Bd3 Nc5 12. Bc2 a5 13. Nge2 Kh8 14. h3 a4 15. g4 Nf4 16. Nxf4 exf4 17. Bd4 fxg4 18. hxg4 Rf7 19. Rxh7+ Kg8 20. Rdh1 Kf8 21. Rh8+ Bxh8 22. Rxh8+ Ke7 23. Rxd8 Kxd8 24. Bxc5 dxc5 25. Ne4 b6 26. Ng5 Rf8 27. Ne6+ Bxe6 28. dxe6+ Ke7 29. Qd7+ Kf6 30. e7 Rfe8 31. Bxa4 Kf7 32. Qf5+ Kxe7 33. Bxe8 Rxe8 34. Qxf4 1-0


[Site "https://www.chess.com"]

[Event "Titled Tuesday Blitz November 01 Early 2022"]
[White "Mesa Cruz, Juan Carlos"]
[Black "Selkirk, Rebecca"]
[WhiteFideId "6423400"]
[BlackFideId "14306514"]
[WhiteElo "2059"]
[BlackElo "1649"]
[Result "1-0"]
[Round "08"]
[TimeControl "180+1"]
[Date "2022.11.02"]
[WhiteClock "0:00:07"]
[BlackClock "0:00:10"]

1. e4 c6 2. Nf3 d5 3. Nc3 Bg4 4. h3 Bxf3 5. Qxf3 d4 6. Bc4 e6 7. Ne2 c5 8. d3 Nc6 9. O-O Nf6 10. Bg5 Be7 11. e5 Nxe5 12. Bb5+ Ned7 13. Qxb7 Rb8 14. Bxd7+ Nxd7 15. Bxe7 Rxb7 16. Bxd8 Kxd8 17. b3 Ke7 18. Ng3 f5 19. Rfe1 Kf6 20. Re2 g6 21. f4 Nb6 22. Rae1 Re8 23. Kf2 Nd5 24. Kf3 Ne3 25. Nf1 Nd5 26. Re5 a5 27. a4 Ree7 28. Nd2 Nb4 29. Rxc5 Rec7 30. Rce5 Nxc2 31. Rxe6+ Kf7 32. Nc4 Nxe1+ 33. Rxe1 Rxb3 34. Kf2 Rxd3 35. Ne5+ Kf6 36. Nxd3 Rc2+ 37. Re2 Rc3 38. Ne5 Ra3 39. Nd7+ Kf7 40. Ne5+ Kf6 41. Nc6 Rxa4 42. Nd8 d3 43. Re6+ Kg7 44. Re7+ Kf8 45. Rxh7 Rd4 46. Ne6+ 1-0


[Site "https://www.chess.com"]

[Event "Titled Tuesday Blitz November 01 Early 2022"]
[White "Mihailidis, Anastasios"]
[Black "Fernandez Hernandez, Gerardo"]
[WhiteFideId "4205588"]
[BlackFideId "2207400"]
[WhiteElo "2312"]
[BlackElo "2235"]
[Result "1/2-1/2"]
[Round "08"]
[TimeControl "180+1"]
[Date "2022.11.02"]
[WhiteClock "0:00:26"]
[BlackClock "0:00:06"]

1. e4 e6 2. d4 d5 3. Nd2 Nc6 4. c3 e5 5. exd5 Qxd5 6. dxe5 Nxe5 7. Ngf3 Nd3+ 8. Bxd3 Qxd3 9. Qa4+ Bd7 10. Qe4+ Qxe4+ 11. Nxe4 O-O-O 12. O-O h6 13. Be3 b6 14. Rad1 f5 15. Ned2 Nf6 16. Ne5 Be8 17. Nb3 Bd6 18. Nc4 Be7 19. Rxd8+ Bxd8 20. Rd1 Be7 21. Bd4 Bh5 22. f3 Rd8 23. Rd2 c5 24. Bxf6 Bxf6 25. Nd6+ Kc7 26. Nxf5 Rxd2 27. Nxd2 Bf7 28. a3 h5 29. Kf2 g6 30. Ne3 Be6 31. Ne4 Be7 32. c4 a6 33. Nc3 Kc6 34. Ncd5 Bd8 35. b3 b5 36. Nf4 Bf7 37. g4 hxg4 38. Nxg4 bxc4 39. bxc4 Bxc4 40. Ne5+ Kb5 41. Nfxg6 Bb3 42. h4 c4 43. h5 c3 44. f4 c2 45. Nd3 Kc4 46. Nc1 Kc3 47. h6 Kb2 48. Ne2 c1=Q 49. Nxc1 Kxc1 50. h7 Bf6 51. h8=Q Bxh8 52. Nxh8 Kb2 53. f5 Kxa3 54. Ke3 Kb2 55. Kd4 a5 56. Ng6 Bc2 57. Ne5 Bxf5 58. Nc4+ Kb3 59. Nxa5+ 1/2-1/2


[Site "https://www.chess.com"]